 Dungeon Crawl Stone Soup version 0.29-a0-323-g050149af67 (webtiles) character file.

Game seed: 60632582006801292

130 kae the Shield-Bearer (level 4, -3/41 HPs)
             Began as a Minotaur Fighter on Apr 10, 2022.
             Slain by Terence
             ... wielding a +0 hand axe
              (5 damage)
             ... on level 3 of the Dungeon on Apr 11, 2022.
             The game lasted 00:01:39 (2028 turns).

kae the Shield-Bearer (Minotaur Fighter)            Turns: 2028, Time: 00:01:40

Health: -3/41      AC:  8    Str: 23    XL:     4   Next: 90%
Magic:  3/3        EV:  9    Int:  5    God:
Gold:   104        SH:  4    Dex:  9    Spells: 3/3 levels left

rFire   . . .      SeeInvis .   a - +0 war axe (venom)
rCold   . . .      Faith    .   c - +0 buckler
rNeg    . . .      Spirit   .   b - +0 scale mail
rPois   .          Reflect  .   (helmet restricted)
rElec   .          Harm     .   (no cloak)
rCorr   .          Rampage  .   e - +0 pair of gloves
Will    .....                   (no boots)
Stlth   ..........              (no amulet)
HPRegen 0.13/turn               (no ring)
MPRegen 0.08/turn               (no ring)

@: mighty
A: horns 2, retaliatory headbutt
a: no special abilities


You were on level 3 of the Dungeon.
You visited 1 branch of the dungeon, and saw 3 of its levels.

You collected 104 gold pieces.

Inventory:

Hand Weapons
 a - a +0 war axe of venom (weapon)
Armour
 b - a +0 scale mail (worn)
 c - a +0 buckler (worn)
 e - a +0 pair of gloves (worn)
Scrolls
 g - a scroll of brand weapon
 h - a scroll of teleportation
Potions
 d - a potion of might
 f - a potion of attraction


   Skills:
 + Level 4.4 Fighting
 * Level 4.3 Axes
 + Level 4.4 Armour
 + Level 4.4 Shields


You had 3 spell levels left.
You didn't know any spells.
Your spell library contained the following spells:

 Spells                   Type           Power      Damage    Failure   Level
 Shock                    Conj/Air       0%         1d3       86%         1
 Swiftness                Air            0%         N/A       99%         3
 Airstrike                Air            0%         N/A       100%        4


Dungeon Overview and Level Annotations

Branches:
Dungeon (3/15)

Altars:

Annotations:
D:3 Terence


Innate Abilities, Weirdness & Mutations

You have a pair of horns on your head.
You reflexively headbutt those who attack you in melee.


Message History

Something hits you but does no damage.
No target in view!
No target in view!
Something hits you but does no damage.
No target in view!
No target in view!
No target in view!
No target in view!
No target in view!
No target in view!
Something hits you!
There is a strange disturbance nearby!
You closely miss something. Something hits you.
You miss something. You block something's attack.
Something hits you but does no damage.
You closely miss something. Something hits you.
You closely miss something. Your headbutt misses something.
Something hits you but does no damage.
You closely miss something.
Something hits you but does no damage. x2
You miss something. You headbutt something. You block something's attack.
You slash something! Something hits you.
You barely miss something. Something hits you.
* * * LOW HITPOINT WARNING * * *
You block something's attack.
You hit something. Something hits you but does no damage.
You miss something. Something hits you.
* * * LOW HITPOINT WARNING * * *
It was a potion of curing.
You feel better. Something hits you but does no damage.
You miss something. Your headbutt misses something.
Something hits you but does no damage.
You hit something but do no damage. Something hits you.
* * * LOW HITPOINT WARNING * * *
Something hits you.
* * * LOW HITPOINT WARNING * * *
You feel very mighty all of a sudden. Something hits you.
* * * LOW HITPOINT WARNING * * *
You closely miss something. Something hits you.
You die...

.. #.. ......#.#.
#.###.......##.....#.#.
............##..>. ..#.
............##.##..###.
........ ..............
...... ....# ##..####
##.###.†##..#.#.##..####
.......{................
#.###.@#.#.............
#..#.#...#.##......
#.................#
#..#.##..####.##..#
#..................
##.#.##..####.##...
#.#.##..###.......
#.#.##.......##.##
#.##............


There were no monsters in sight!

Vanquished Creatures
  Natasha (thrice) (D:2)
  A worm (D:3)
  2 dart slugs
  5 ball pythons (D:1)
  3 bats (D:1)
  5 endoplasms
  A giant cockroach (D:1)
  3 goblins
  6 hobgoblins
  2 jackals (D:1)
  4 quokkas
  3 frilled lizards (D:1)
  5 kobolds
  2 rats
45 creatures vanquished.

Vanquished Creatures (others)
  A fungus (D:1)
1 creature vanquished.

Grand Total: 46 creatures vanquished

Notes
Turn   | Place    | Note
-------+----------+-------------------------------------------
     0 | D:1      | kae the Minotaur Fighter began the quest for the Orb.
     0 | D:1      | Reached XP level 1. HP: 19/19 MP: 0/0
   168 | D:1      | Reached XP level 2. HP: 22/27 MP: 1/1
   520 | D:1      | Reached XP level 3. HP: 31/33 MP: 2/2
   881 | D:2      | Found a faded altar of an unknown god.
  1031 | D:2      | Noticed Natasha
  1040 | D:2      | Killed Natasha
  1041 | D:2      | Reached XP level 4. HP: 34/40 MP: 3/3
  1270 | D:2      | Noticed Natasha
  1273 | D:2      | Killed Natasha
  1385 | D:2      | Found a faded altar of an unknown god.
  1402 | D:2      | Noticed Natasha
  1413 | D:2      | Killed Natasha
  2002 | D:3      | Noticed Terence
  2027 | D:3      | HP: 2/41 [something (2)]
  2028 | D:3      | Slain by Terence

Illustrated notes

Levels and vault maps discovered:
D:1:      dpeg_arrival_water_fire, layout_basic, amcnicky_mini_pool_small
D:2:      layout_rooms, dreamdust_ecumenical_altar_statues, hex_intersection,
          uniq_natasha
D:3:      layout_basic, nicolae_overflow_ecumenical_swirl, uniq_terence

Skill      XL: |  1  2  3  4 |
---------------+-------------+-----
Axes           | 3 4 |  4.3
Fighting       | 4 |  4.4
Shields        | 4 |  4.4
Armour         | 4 |  4.4

Action                   |  1- 3 |  4- 6 || total
-------------------------+-------+-------++-------
Melee: War axe           |    61 |    38 ||    99
       Headbutt          |     4 |     4 ||     8
  Use: Scroll            |     5 |     1 ||     6
       Potion            |       |     3 ||     3
Armor: Scale mail        |    25 |    21 ||    46
Dodge: Dodged            |    47 |     7 ||    54
Block: Buckler           |    20 |     6 ||    26

Table legend: (Time is in decaauts)
 A = Elapsed time spent in this place.
 B = Non-inter-level travel time spent in this place.
 C = Inter-level travel time spent in this place.
 D = Time resting spent in this place.
 E = Time spent auto-exploring this place.
 F = Levels seen in this place.
 G = Mean time per level.
                   A        B        C        D        E       F      G
               +--------+--------+--------+--------+--------+-----+--------+
         Total |   2062 |   1959 |    103 |    119 |   1552 |   3 |  687.3 |
       Dungeon |   2062 |   1959 |    103 |    119 |   1552 |   3 |  687.3 |
               +--------+--------+--------+--------+--------+-----+--------+

Top non-repeatable levels by time:
     D:2: 1079 daAuts
     D:1: 781 daAuts
     D:3: 201 daAuts
